 Dungeon Crawl Stone Soup version 0.29.1-2-gbd0b4ee654 (webtiles) character file.

Game seed: 5123608672357273785

58 cdecastro the Vexing (level 3, -12/19 HPs)
             Began as a Vampire Enchanter on Nov 20, 2022.
             Was an Initiate of Dithmenos.
             Killed by divine providence
             ... invoked by an orc priest
              (16 damage)
             ... on level 3 of the Dungeon on Nov 21, 2022.
             The game lasted 00:04:22 (2038 turns).

cdecastro the Vexing (Vampire Enchanter)            Turns: 2038, Time: 00:04:23

Health: -12/19     AC:  5    Str:  9    XL:     3   Next: 75%
Magic:  3/6        EV: 12    Int: 23    God:    Dithmenos [......]
Gold:   108        SH:  0    Dex: 14    Spells: 4/6 levels left

rFire   . . .      SeeInvis +   a - +1 dagger
rCold   + + .      Faith    .   (no shield)
rNeg    + + +      Spirit   .   b - +0 robe
rPois   ∞          Reflect  .   (no helmet)
rElec   .          Harm     .   l - +2 cloak
rCorr   .          Rampage  .   (no gloves)
Will    .....                   (no boots)
Stlth   +++++.....              (no amulet)
HPRegen 0.00/turn               i - +6 ring of intelligence
MPRegen 0.10/turn               (no ring)

@: very slightly contaminated, bloodless, inhibited regen
A: bloodless, fangs 3, see invisible, vampiric 2
a: Bat Form, Revivify, Renounce Religion


You were on level 3 of the Dungeon.
You worshipped Dithmenos.
Dithmenos was noncommittal.
You visited 1 branch of the dungeon, and saw 3 of its levels.

You collected 108 gold pieces.

Inventory:

Hand Weapons
 a - a +1 dagger (weapon)
Missiles
 k - 2 boomerangs
 s - 2 poisoned darts
Armour
 b - a +0 robe (worn)
 l - a +2 cloak (worn)
Jewellery
 i - a +6 ring of intelligence (left hand)
Scrolls
 d - 4 scrolls of identify {unknown}
 g - 2 scrolls of enchant weapon {unknown}
 h - 2 scrolls of teleportation {unknown}
 n - a scroll of blinking {unknown}
 p - a scroll of magic mapping {unknown}
 q - a scroll of poison {unknown}
 r - a scroll of butterflies {unknown}
 t - a scroll of immolation {unknown}
Potions
 c - 3 potions of invisibility
 e - a potion of curing {unknown}
 f - a potion of flight {unknown}
 j - a potion of degeneration {unknown}
 m - a potion of brilliance {unknown}
 o - a potion of might {unknown}
 u - a potion of berserk rage {unknown}
 v - a potion of heal wounds {unknown}


   Skills:
 - Level 1.1 Short Blades
 - Level 2.1 Dodging
 + Level 5.5 Stealth
 - Level 2.0 Spellcasting
 * Level 6.2 Hexes


You had 4 spell levels left.
You knew the following spells:

 Your Spells              Type           Power      Damage    Failure   Level
a - Ensorcelled Hibernat  Hex/Ice        32%        N/A       5%          2

Your spell library contained the following spells:

 Spells                   Type           Power      Damage    Failure   Level
 Confusing Touch          Hex            31%        N/A       3%          3
 Tukima's Dance           Hex            31%        N/A       3%          3
 Dazzling Flash           Conj/Hex       32%        N/A       11%         3
 Passwall                 Tmut/Erth      1%         N/A       19%         2
 Conjure Flame            Conj/Fire      2%         6-21      36%         3
 Ignite Poison            Fire/Tmut/Pois 2%         N/A       36%         3
 Swiftness                Air            2%         N/A       36%         3
 Sticky Flame             Conj/Fire      2%         2d3       77%         4


Dungeon Overview and Level Annotations

Branches:
Dungeon (3/15)

Altars:
Dithmenos


Innate Abilities, Weirdness & Mutations

You do not regenerate when monsters are visible.
You are frail without blood (-20% HP).
You can heal yourself when you bite living creatures.
You are immune to poison.
You have razor-sharp teeth.
You have supernaturally acute eyesight. (SInv)
You are afflicted with vampirism and can become a bat while bloodless.


Message History

Found a stone staircase leading down.
You enter the shallow water.
Moving in this stuff is going to be slow.
An orc comes into view. It is wielding a +0 dagger.
The orc shouts!
You hear a shout!
Found a scroll labelled JIGHYU VAVYG.
An orc priest comes into view. It is wielding a +0 war axe.
The orc priest shouts!
The orc hits you but does no damage.
Aiming: Ensorcelled Hibernation (safe; 5% risk of failure)
Press: ? - help, Q - select action, (/) - cycle Shift-Dir - straight line, f - orc
Aim: an orc, wielding a +0 dagger and wearing a +0 leather armour (chance to affect: 67%)
The orc looks drowsy...
An orc comes into view. It is wielding a +0 dagger.
The helpless orc fails to defend itself.
You bite the orc, and draw its blood! You impale the orc!!
You kill the orc!
Dithmenos accepts your kill.
The orc priest invokes the aid of Beogh against you.
Beogh smites you!
Ouch! That really hurt!
* * * LOW HITPOINT WARNING * * *
v - a metallic ruby potion An orc comes into view.
It is wielding a +0 club.
The orc shouts!
An orc comes into view. It is wielding a +0 flail.
You enter the shallow water.
Moving in this stuff is going to be slow.
The orc priest hits you with a +0 war axe.
* * * LOW HITPOINT WARNING * * *
Aiming: Ensorcelled Hibernation (safe; 5% risk of failure)
Press: ? - help, Q - select action, (/) - cycle Shift-Dir - straight line, f - orc priest
Aim: an orc priest, wielding a +0 war axe (chance to affect: 50%)
You miscast Ensorcelled Hibernation.
You are very lightly contaminated with residual magic.
Nothing appears to happen.
The orc priest calls down the wrath of Beogh upon you.
Beogh smites you!
Ouch! That really hurt!
You die...

#.~≈≈~...... #.~≈≈~~....
#.~~≈≈~... #.#.###..~≈≈~..
#........~≈≈~~#########
#.#.....~~≈≈~........#
?...#..88~≈≈~~88...#.########
..................#..#......
#......oo@......##.#......
#...88~~≈≈~88..###........
#?)..o#~≈≈~##### ###......
...oo....#..~≈≈~~# #......
....####....~~≈≈~#
#####...... ...
.oo......~≈≈~........>..... .
####.....~≈≈~~#######......
...###.~~≈≈~# #..#<#. #####
#..~≈≈~# ###....


You could see an orc priest and 2 orcs.

Vanquished Creatures
  An adder (D:2)
  A worm (D:2)
  A dart slug (D:3)
  An orc (D:3)
  5 ball pythons
  A bat (D:1)
  2 endoplasms
  2 giant cockroaches
  7 goblins
  7 hobgoblins
  A quokka (D:1)
  2 frilled lizards
  4 kobolds
  4 rats (D:1)
39 creatures vanquished.

Notes
Turn   | Place    | Note
-------+----------+-------------------------------------------
     0 | D:1      | cdecastro the Vampire Enchanter began the quest for the
                  | Orb.
     0 | D:1      | Reached XP level 1. HP: 13/13 MP: 3/3
   114 | D:1      | Reached skill level 5 in Hexes
   203 | D:1      | Reached XP level 2. HP: 15/15 MP: 5/5
   424 | D:1      | Reached skill level 5 in Stealth
   626 | D:1      | Learned a level 2 spell: Ensorcelled Hibernation
   957 | D:2      | Found a shadowy altar of Dithmenos.
   961 | D:2      | Gained mutation: You are afflicted with vampirism and can
                  | become a bat while bloodless. [Vampire growth]
   961 | D:2      | Reached XP level 3. HP: 19/19 MP: 6/6
  1585 | D:2      | Reached skill level 6 in Hexes
  1935 | D:2      | Became a worshipper of Dithmenos the Shadowed
  1952 | D:3      | Noticed a scorpion
  2038 | D:3      | Killed from afar by an orc priest

Illustrated notes

Levels and vault maps discovered:
D:1:      dpeg_arrival_renting, layout_rooms
D:2:      layout_loops_ring, serial_co_window_serial, co_window_paths_a,
          co_window_paths_a, co_window_paths_b, co_window_corner_a,
          co_window_paths_b, co_window_of_opportunity_b, co_window_broadway_b,
          co_window_corner_ca, co_window_corner_ca, co_window_paths_d,
          co_window_4corner_b, glass_columns_a, glass_columns_b, basic_altar
D:3:      wander_river, layout_rooms, tgw_xom,
          chequers_ecumenical_altar_simple_redux, serial_shops,
          nicolae_shop_stone, kennysheep_path_1, wad_floor_pattern_1,
          st_stairs_9, minmay_misc_feat_five

Skill      XL: |  1  2  3 |
---------------+----------+-----
Hexes          | 5 6 |  6.2
Stealth        | 5 |  5.5
Short Blades   | |  1.1
Dodging        | |  2.1
Spellcasting   | |  2.0

Action                   || total
-------------------------++-------
Melee: Dagger            ||    62
       Bite              ||     6
 Cast: Ensorcelled Hiber ||     4
 Abil: Exsanguinate      ||     1
 Stab: Sleeping          ||    27
       Distracted        ||     1
Armor: Robe              ||    12
Dodge: Dodged            ||    21
